 Dungeon Crawl Stone Soup version 0.27.1 (webtiles) character file.

Game seed: 6645739151488576510

12 nightchill the Insei (level 2, 23/23 HPs)
             Began as a Gnoll Transmuter on Aug 23, 2021.
             Got out of the dungeon alive.
             The game lasted 00:01:11 (598 turns).

nightchill the Insei (Gnoll Transmuter)              Turns: 598, Time: 00:01:12

Health: 23/23      AC:  2    Str:  9    XL:     2   Next: 33%
Magic:  7/7        EV: 13    Int: 12    God:
Gold:   30         SH:  0    Dex: 12    Spells: 7/10 levels left

rFire    . . .     SeeInvis .     - Unarmed
rCold    . . .     Faith    .   (no shield)
rNeg     . . .     Spirit   .   a - +0 robe
rPois    .         Reflect  .   (no helmet)
rElec    .         Harm     .   (no cloak)
rCorr    .         Rampage  .   (no gloves)
Will     .....                  (no boots)
Stlth    +.........             (no amulet)
HPRegen  0.07/turn              (no ring)
MPRegen  0.10/turn              (no ring)

@: no status effects
A: fangs 1, strong nose, distributed training
a: no special abilities


You escaped.
You visited 1 branch of the dungeon, and saw 1 of its levels.

You collected 30 gold pieces.

Inventory:

Missiles
 g - 14 poisoned darts
Armour
 a - a +0 robe (worn)
 e - a +0 buckler
Scrolls
 b - a scroll of identify {unknown}
 f - a scroll of noise {unknown}
Potions
 c - a potion of heal wounds {unknown}
 d - 2 potions of brilliance {unknown}


   Skills:
 + Level 2.4 Fighting
 + Level 0.3 Short Blades
 + Level 0.3 Long Blades
 + Level 0.3 Axes
 + Level 0.3 Maces & Flails
 + Level 0.3 Polearms
 + Level 0.3 Staves
 + Level 0.3 Slings
 + Level 0.3 Bows
 + Level 0.3 Crossbows
 + Level 0.3 Throwing
 + Level 0.3 Armour
 + Level 4.4 Dodging
 + Level 0.3 Stealth
 + Level 0.3 Shields
 + Level 6.4 Unarmed Combat
 + Level 4.9 Spellcasting
 + Level 0.2 Conjurations
 + Level 0.2 Hexes
 + Level 0.2 Summonings
 + Level 0.2 Necromancy
 + Level 0.2 Translocations
 + Level 3.7 Transmutations
 + Level 0.2 Fire Magic
 + Level 0.2 Ice Magic
 + Level 0.2 Air Magic
 + Level 0.2 Earth Magic
 + Level 0.2 Poison Magic
 + Level 0.4 Invocations
 + Level 0.3 Evocations


You had 7 spell levels left.
You knew the following spells:

 Your Spells              Type           Power      Damage    Failure   Level
a - Beastly Appendage     Tmut           22%        N/A       4%          1
b - Wereblood             Tmut           11%        N/A       7%          2

Your spell library contained the following spells:

 Spells                   Type           Power      Damage    Failure   Level
 Spider Form              Tmut/Pois      3%         N/A       26%         3
 Ice Form                 Ice/Tmut       7%         N/A       65%         4


Dungeon Overview and Level Annotations

Branches:
Dungeon (1/15)

Altars:


Innate Abilities, Weirdness & Mutations

You have very sharp teeth.
Your uncanny sense of smell can sniff out nearby items.
Your experience applies equally to all skills.


Message History

g - 14 poisoned darts 2 jackals come into view.
There are monsters nearby!
There are monsters nearby!
A jackal comes into view.
The jackal barks!
A kobold comes into view. It is wielding a +0 dagger.
The jackal misses you.
You closely miss the jackal. The jackal closely misses you.
You hit the jackal. You punch the jackal.
You kill the jackal!
You punch the jackal!
You kill the jackal!
You hit the jackal.
The jackal is almost dead.
The jackal barely misses you.
You hit the jackal but do no damage.
The jackal is almost dead.
The jackal bites you. The jackal closely misses you.
You hit the jackal.
You kill the jackal!
You miss the kobold. Your bite misses the kobold.
The kobold hits you with a +0 dagger.
You closely miss the kobold. The kobold hits you but does no damage.
You closely miss the kobold. The kobold barely misses you.
You closely miss the kobold. The kobold closely misses you.
You closely miss the kobold. You closely miss the kobold.
The kobold hits you with a +0 dagger.
You hit the kobold.
You kill the kobold!
Things that are here:
a +0 dagger; 4 stones; a jackal corpse You can't go up here!
Things that are here:
a +0 dagger; 4 stones; a jackal corpse The hell rat roars deafeningly!
The imperial myrmidon shouts!
The basilisk hisses angrily.
There is a staircase leading out of the dungeon here.
Are you sure you want to leave the Dungeon?
This will make you lose the game!
You have escaped!

..... .8.8.##
.....# ### ...8#
#@#..###..##
#.#..#r#...#
#.#(.#l#..8###
#.#..#C#.....##
#.#..#a#..8#..# ∆
#.#..#w#...##.#
#.#..###..###.##
#........8##...###
#.........##......


There were no monsters in sight!

Vanquished Creatures
  A giant cockroach (D:1)
  A goblin (D:1)
  A hobgoblin (D:1)
  3 jackals (D:1)
  A quokka (D:1)
  A bat (D:1)
  A frilled lizard (D:1)
  2 kobolds (D:1)
11 creatures vanquished.

Notes
Turn   | Place    | Note
-------+----------+-------------------------------------------
     0 | D:1      | nightchill the Gnoll Transmuter began the quest for the
                  | Orb.
     0 | D:1      | Reached XP level 1. HP: 17/17 MP: 6/6
     6 | D:1      | Noticed an imperial myrmidon
     6 | D:1      | Noticed a tyrant leech
     6 | D:1      | Noticed a basilisk
     7 | D:1      | Noticed a fire giant
     7 | D:1      | Noticed a hell rat
   190 | D:1      | Reached XP level 2. HP: 10/23 MP: 5/7
   215 | D:1      | Learned a level 2 spell: Wereblood
   598 | D:$      | Got out of the dungeon alive.

Illustrated notes

Levels and vault maps discovered:
D:1:      onia_arrival_zoo_common, layout_loops_ring, minmay_hexomino_f4

Action                   || total
-------------------------++-------
Melee: Unarmed           ||    35
       Punch             ||     2
       Kick              ||     1
 Cast: Beastly Appendage ||     2
Armor: Robe              ||     5
Dodge: Dodged            ||    25
